 Dungeon Crawl Stone Soup version 0.30-a0-141-g30f27751c5 (webtiles) character file.

Game seed: 12662640007934672725

53 qw the Chopper (level 3, -2/23 HPs)
             Began as a Gargoyle Fighter on Sept 25, 2022.
             Killed by nerve-wracking pain
             ... invoked by Grinder
              (6 damage)
             ... on level 3 of the Dungeon.
             The game lasted 00:00:27 (1742 turns).

qw the Chopper (Gargoyle Fighter)                   Turns: 1742, Time: 00:00:28

Health: -2/23      AC: 14    Str: 21    XL:     3   Next: 89%
Magic:  3/3        EV:  5    Int:  8    God:
Gold:   64         SH:  4    Dex:  9    Spells: 2/2 levels left

rFire   . . .      SeeInvis .    Y - +0 war axe
rCold   . . .      Faith    .    c - +0 buckler
rNeg    + . .      Spirit   .    i - +0 plate armour
rPois   inf        Reflect  .    (no helmet)
rElec   +          Harm     .    (no cloak)
rCorr   .          Rampage  .    (no gloves)
Will    .....                    (no boots)
Stlth   ..........               (no amulet)
HPRegen 0.07/turn                (no ring)
MPRegen 0.08/turn                (no ring)

@: no status effects
A: sickness immunity, AC +3, negative energy resistance 1, electricity
resistance, torment resistance 1, petrification resistance
a: no special abilities


You were on level 3 of the Dungeon.
You visited 1 branch of the dungeon, and saw 3 of its levels.

You collected 64 gold pieces.


Innate Abilities, Weirdness & Mutations

You are immune to sickness and miasma.
Your stone body is resilient. (AC +3)
You are immune to poison.
You resist negative energy. (rN+)
You are resistant to electric shocks. (rElec)
You are resistant to unholy torment.
You are immune to petrification.


   Skills:
 - Level 3.2 Fighting
 + Level 3.7 Axes
 - Level 3.2 Armour
 - Level 3.2 Shields


You had 2 spell levels left.
You didn't know any spells.
Your spell library was empty.

Inventory:

Hand Weapons
 a - a +0 whip
 Y - a +0 war axe (weapon)
Armour
 c - a +0 buckler (worn)
 e - an orb of energy
 i - a +0 plate armour (worn)
Potions
 b - a potion of magic {unknown}
 d - 3 potions of might
 f - a potion of haste {unknown}
 g - a potion of curing {unknown}
 h - a potion of invisibility {unknown}
 j - a potion of degeneration {unknown}
 l - a potion of attraction {unknown}

Dungeon Overview and Level Annotations

Branches:
Dungeon (3/15)

Altars:

Annotations:
D:3 Grinder


Message History

Grinder hits you but does no damage.
You hit Grinder but do no damage.
Grinder is lightly wounded.
Grinder gestures at you.
You suddenly lose the ability to move!
Grinder hits you but does no damage. Grinder gestures at you.
You shrug off the repeated paralysis!
You can move again.
You barely miss Grinder.
Grinder is lightly wounded.
Grinder barely misses you.
You hit Grinder.
Grinder is lightly wounded.
Grinder says, "What is the universe for?"
Grinder hits you.
You writhe in agony.
You hit Grinder.
Grinder is moderately wounded.
Grinder hits you but does no damage. x2
You hit Grinder.
Grinder is heavily wounded.
You block Grinder's attack.
You barely miss Grinder.
Grinder is heavily wounded.
Grinder gestures at you. Pain shoots through your body!
Grinder blinks!
1736 ||| Stepping ~*~*~tactically~*~*~ (hiding).
You start resting.
Grinder is nearby!
You hit Grinder but do no damage.
Grinder is heavily wounded.
Grinder hits you.
You completely miss Grinder.
Grinder is heavily wounded.
Grinder barely misses you.
You closely miss Grinder.
Grinder is heavily wounded.
Grinder blinks!
Grinder gestures at you. Pain shoots through your body!
You die...

............!.[...
#.................
.................. ...
#................ ...#
#................ ....
###.##............. ....
...###..$.5#.....#
....####.###..##...!....
................@#######
....##.#......##....#
...............#ยค...#
....................#
......#.............#
.....###......#.......
....## #......##....###
.... ##..##.####### ....
##.##<#


You could see Grinder.

Vanquished Creatures
  Jessica (D:2)
  An adder (D:2)
  A worm (D:2)
  4 bats
  An endoplasm (D:3)
  A hobgoblin (D:2)
  A quokka (D:1)
  A ball python (D:2)
  4 frilled lizards
  A kobold (D:2)
  2 rats (D:1)
18 creatures vanquished.

Notes
Turn   | Place    | Note
-------+----------+-------------------------------------------
     0 | D:1      | qw the Gargoyle Fighter began the quest for the Orb.
     0 | D:1      | Reached XP level 1. HP: 14/14 MP: 1/1
     0 | D:1      | 0 ||| qw: Version: 0.2-a-10-g399e6c4
     0 | D:1      | 0 ||| qw: Game counter: 305
     0 | D:1      | 0 ||| qw: Always use a shield: true
     0 | D:1      | 0 ||| qw: God list: Okawaru
     0 | D:1      | 0 ||| qw: Allow faded altars: false
     0 | D:1      | 0 ||| qw: Do Orc after D:15 true
     0 | D:1      | 0 ||| qw: Do second Lair branch before Depths: true
     0 | D:1      | 0 ||| qw: Lair rune preference: random
     0 | D:1      | 0 ||| qw: Plans: Normal, Zot:1-4, God:TSO, Crypt, Tomb,
                  | Pan, Slime:5, Hells, Abyss, Orb
     0 | D:1      | 0 ||| PLANNING D:1-11
    80 | D:1      | 80 ||| Stepping randomly (stuck).
   876 | D:1      | 876 ||| UPGRADING to +0 plate armour.
   886 | D:1      | 886 ||| DROPPING +0 scale mail.
   887 | D:1      | 887 ||| READING scroll labelled KEN CIDUS SUU.
   888 | D:1      | 888 ||| READING scroll labelled GEGEHOGROO.
   889 | D:1      | 889 ||| READING scroll labelled API NUOZAXOONA.
   890 | D:1      | 890 ||| READING scroll labelled KOSYPHI ICASKOWNI.
   891 | D:1      | 891 ||| READING scroll labelled PIRUISOEMY.
   962 | D:2      | Reached XP level 2. HP: 19/19 MP: 2/2
  1210 | D:2      | 1210 ||| DROPPING +0 club.
  1266 | D:2      | 1266 ||| Stepping ~*~*~tactically~*~*~ (stealth).
  1271 | D:2      | Reached skill level 3 in Axes
  1331 | D:2      | Reached XP level 3. HP: 22/23 MP: 3/3
  1550 | D:2      | Noticed Jessica
  1553 | D:2      | 1553 ||| Stepping ~*~*~tactically~*~*~ (hiding).
  1560 | D:2      | Killed Jessica
  1651 | D:2      | 1651 ||| READING scroll labelled WIKHU LOAMOSTRA.
  1652 | D:2      | 1652 ||| READING scroll labelled NEWASSEIZY.
  1714 | D:3      | Noticed Grinder
  1729 | D:3      | Paralysed by Grinder for 2 turns
  1736 | D:3      | 1736 ||| Stepping ~*~*~tactically~*~*~ (hiding).
  1739 | D:3      | HP: 3/23 [Grinder (4)]
  1742 | D:3      | Killed from afar by Grinder

Levels and vault maps discovered:
D:1:      saegor_arrival_simple_c, layout_basic, serial_glass, glass_columns_b,
          glass_columns_c, glass_columns_a, glass_columns_a, feat_on_display,
          feat_on_display, minmay_strange_pillars
D:2:      layout_loops_cross, uniq_jessica
D:3:      layout_rooms, uniq_grinder

Skill      XL: |  1  2 |
---------------+-------+-----
Axes           | 2 3 |  3.7
Fighting       | |  3.2
Armour         | |  3.2
Shields        | |  3.2

Action                   || total
-------------------------++-------
Melee: War axe           ||    67
  Use: Scroll            ||     7
Armor: Scale mail        ||    17
       Plate armour      ||    15
Dodge: Dodged            ||    18
Block: Buckler           ||     7

Table legend:
 A = Non-vault XP
 B = Vault XP
 C = Vault XP percentage of total XP
 D = Non-vault monster count
 E = Vault monster count
 F = Vault count percentage of total count
                 A         B        C        D         E       F
            +---------+---------+-------+---------+---------+-------
      Total |      40 |      37 |  48.1 |      17 |       1 |   5.6
            +---------+---------+-------+---------+---------+-------
        D:1 |       8 |       0 |   0.0 |       6 |       0 |   0.0
        D:2 |      30 |      37 |  55.2 |      10 |       1 |   9.1
        D:3 |       2 |       0 |   0.0 |       1 |       0 |   0.0
            +---------+---------+-------+---------+---------+-------
